2901 views
Uploaded 2019-12-02 21:51:55
Game version 1.32.0.3 / 1.32.0.3.1
18:42 long 2on2 ladder game on (4)TwistedMeadows
Saved by BEARAND
2901 views
Uploaded 2019-12-02 21:51:55
Game version 1.32.0.3 / 1.32.0.3.1
18:42 long 2on2 ladder game on (4)TwistedMeadows


71 units @ 9.2k
/ 1.5k
34 buildings @ 6.3k
/ 2.6k


| Lesser Clarity Potion | 1 | 70 |
| Potion of Mana | 1 | 200 |
| Potion of Healing | 1 | 150 |
| Orb of Venom | 1 | 325 |
| total: | 4 | 745g |
| Wisp | 10 | 600 | / | 0 |
| Archer | 6 | 780 | / | 60 |
| Huntress | 6 | 1170 | / | 120 |
| Hippogryph | 5 | 800 | / | 100 |
| Faerie Dragon | 1 | 155 | / | 25 |
| Glaive Thrower | 2 | 420 | / | 130 |
| total: | 30 | 3925g | / | 435w |
| Altar of Elders | 1 | 180 | / | 50 |
| Moon Well | 6 | 1080 | / | 240 |
| Ancient of War | 2 | 300 | / | 120 |
| Ancient of Wonders | 2 | 180 | / | 60 |
| Hunter's Hall | 2 | 420 | / | 200 |
| Ancient of Wind | 1 | 150 | / | 140 |
| Tree of Ages | 1 | 320 | / | 180 |
| Tree of Eternity | 1 | 330 | / | 200 |
| total: | 14 | 2310g | / | 810w |
| 0:04 | Wisp |
| 0:15 | Altar of Elders |
| 0:21 | Wisp |
| 0:29 | Moon Well |
| 0:34 | Wisp |
| 0:41 | Ancient of War |
| 0:50 | Wisp |
| 1:05 | Wisp |
| 1:23 | Wisp |
| 1:43 | Moon Well |
| 1:49 | Archer |
| 1:49 | Archer |
| 2:05 | Wisp |
| 2:39 | Mana Burn |
| 2:43 | Archer |
| 2:49 | Ancient of Wonders |
| 2:53 | Tree of Ages |
| 3:05 | Ancient of Wonders |
| 3:08 | Archer |
| 3:41 | Archer |
| 4:12 | Immolation |
| 4:19 | Lesser Clarity Potion |
| 4:35 | Hunter's Hall |
| 4:38 | Hunter's Hall |
| 5:55 | Ancient of Wind |
| 5:58 | Moon Well |
| 6:44 | Huntress |
| 6:49 | Trueshot Aura |
| 6:52 | Strength of the Moon |
| 6:57 | Wisp |
| 6:57 | Wisp |
| 7:06 | Ancient of War |
| 7:17 | Potion of Mana |
| 7:17 | Potion of Healing |
| 7:28 | Hippogryph |
| 7:28 | Hippogryph |
| 8:14 | Mana Burn |
| 8:24 | Huntress |
| 8:24 | Huntress |
| 8:54 | Moon Glaive |
| 9:00 | Wisp |
| 9:02 | Faerie Dragon |
| 9:04 | Hippogryph |
| 9:28 | Huntress |
| 9:28 | Archer |
| 11:04 | Moon Well |
| 11:08 | Moon Well |
| 11:14 | Tree of Eternity |
| 12:04 | Searing Arrows |
| 12:10 | Moon Well |
| 12:19 | Glaive Thrower |
| 12:21 | Huntress |
| 12:23 | Improved Strength of the Moon |
| 13:21 | Glaive Thrower |
| 13:21 | Huntress |
| 14:43 | Orb of Venom |
| 15:18 | Hippogryph |
| 15:18 | Hippogryph |
| 15:25 | Moon Armor |
| Right click | 941 |
| Select | 332 |
| Build/train/purchase | 57 |
| Misc. action | 9 |
| Use ability | 8 |
| Esc | 2 |
| Minimap ping | 2 |


| Boots of Speed | 1 | 250 |
| total: | 1 | 250g |
| Wisp | 14 | 840 | / | 0 |
| Archer | 13 | 1690 | / | 130 |
| Dryad | 7 | 1015 | / | 420 |
| Glaive Thrower | 5 | 1050 | / | 325 |
| Mountain Giant | 2 | 700 | / | 200 |
| total: | 41 | 5295g | / | 1075w |
| Ancient Protector | 2 | 270 | / | 160 |
| Altar of Elders | 1 | 180 | / | 50 |
| Moon Well | 8 | 1440 | / | 320 |
| Ancient of War | 1 | 150 | / | 60 |
| Hunter's Hall | 1 | 210 | / | 100 |
| Tree of Life | 4 | 1360 | / | 740 |
| Ancient of Wonders | 1 | 90 | / | 30 |
| Ancient of Lore | 2 | 310 | / | 290 |
| Tree of Ages | 1 | 320 | / | 180 |
| Tree of Eternity | 2 | 660 | / | 400 |
| total: | 20 | 4010g | / | 1750w |
| 0:04 | Wisp |
| 0:04 | Wisp |
| 0:06 | Altar of Elders |
| 0:20 | Moon Well |
| 0:25 | Wisp |
| 0:33 | Wisp |
| 0:51 | Ancient of War |
| 0:53 | Wisp |
| 1:00 | Wisp |
| 1:14 | Wisp |
| 1:33 | Moon Well |
| 1:38 | Wisp |
| 1:38 | Wisp |
| 1:51 | Archer |
| 1:57 | Archer |
| 2:13 | Evasion |
| 2:24 | Archer |
| 2:27 | Moon Well |
| 2:33 | Wisp |
| 2:36 | Wisp |
| 2:51 | Archer |
| 3:33 | Archer |
| 3:43 | Archer |
| 3:44 | Tree of Ages |
| 4:09 | Mana Burn |
| 4:17 | Archer |
| 4:19 | Moon Well |
| 4:38 | Hunter's Hall |
| 4:41 | Archer |
| 5:09 | Archer |
| 5:14 | Moon Well |
| 5:56 | Boots of Speed |
| 6:09 | Evasion |
| 6:12 | Archer |
| 6:13 | Archer |
| 6:58 | Tree of Life |
| 7:15 | Ancient of Lore |
| 7:16 | Wisp |
| 7:36 | Mana Burn |
| 7:45 | Trueshot Aura |
| 8:22 | Ancient of Lore |
| 8:24 | Wisp |
| 8:24 | Wisp |
| 8:28 | Moon Well |
| 8:34 | Archer |
| 8:34 | Archer |
| 8:37 | Strength of the Wild |
| 8:40 | Dryad |
| 8:40 | Dryad |
| 9:27 | Tree of Life |
| 10:08 | Dryad |
| 10:12 | Tree of Eternity |
| 10:42 | Glaive Thrower |
| 10:52 | Glaive Thrower |
| 11:41 | Searing Arrows |
| 11:54 | Dryad |
| 11:57 | Vorpal Blades |
| 11:57 | Glaive Thrower |
| 12:41 | Moon Well |
| 12:46 | Moon Well |
| 12:51 | Ancient of Wonders |
| 12:57 | Reinforced Hides |
| 13:43 | Glaive Thrower |
| 13:45 | Dryad |
| 13:47 | Abolish Magic |
| 13:47 | Dryad |
| 15:08 | Mountain Giant |
| 15:11 | Glaive Thrower |
| 16:14 | Tree of Life |
| 16:18 | Ancient Protector |
| 16:19 | Ancient Protector |
| 16:54 | Mountain Giant |
| 16:55 | Dryad |
| 17:54 | Tree of Life |
| Right click | 985 |
| Select | 293 |
| Build/train/purchase | 69 |
| Misc. action | 38 |
| Use ability | 18 |
| Item give/drop | 6 |
| Minimap ping | 2 |
| Remove unit | 1 |
| Esc | 1 |
50 units @ 4.1k
/ 0.1k
163 buildings @ 8k
/ 4.3k



x1)
| Staff of Sanctuary | 4 | 1000 |
| Orb of Fire | 2 | 650 |
| Boots of Speed | 3 | 750 |
| Staff of Teleportation | 3 | 450 |
| Periapt of Vitality | 2 | 650 |
| Tome of Retraining | 1 | 300 |
| total: | 15 | 3800g |
| Peasant | 22 | 1650 | / | 0 |
| Priest | 2 | 270 | / | 20 |
| Goblin Zeppelin | 1 | 240 | / | 60 |
| total: | 25 | 2160g | / | 80w |
| Scout Tower | 63 | 1890 | / | 1260 |
| Arcane Tower | 5 | 350 | / | 250 |
| Guard Tower | 27 | 1890 | / | 1350 |
| Altar of Kings | 2 | 360 | / | 100 |
| Farm | 6 | 480 | / | 120 |
| Lumber Mill | 1 | 120 | / | 0 |
| Town Hall | 1 | 385 | / | 205 |
| Blacksmith | 2 | 280 | / | 120 |
| Barracks | 1 | 160 | / | 60 |
| Arcane Vault | 2 | 260 | / | 60 |
| Arcane Sanctum | 1 | 150 | / | 140 |
| Gryphon Aviary | 2 | 280 | / | 300 |
| Keep | 1 | 320 | / | 210 |
| Castle | 1 | 360 | / | 210 |
| total: | 81 | 4365g | / | 2365w |
| 0:01 | Peasant |
| 0:01 | Peasant |
| 0:07 | Altar of Kings |
| 0:08 | Altar of Kings |
| 0:15 | Peasant |
| 0:17 | Farm |
| 0:27 | Scout Tower |
| 0:29 | Farm |
| 0:31 | Peasant |
| 0:35 | Peasant |
| 0:48 | Lumber Mill |
| 0:56 | Peasant |
| 1:07 | Peasant |
| 1:20 | Peasant |
| 1:25 | Scout Tower |
| 1:30 | Peasant |
| 1:36 | Arcane Tower |
| 1:43 | Peasant |
| 1:50 | Scout Tower |
| 2:08 | Summon Water Elemental |
| 2:22 | Peasant |
| 2:22 | Guard Tower |
| 2:29 | Scout Tower |
| 2:29 | Scout Tower |
| 2:30 | Peasant |
| 2:30 | Peasant |
| 2:46 | Guard Tower |
| 3:02 | Guard Tower |
| 3:15 | Peasant |
| 3:44 | Keep |
| 3:46 | Guard Tower |
| 3:48 | Scout Tower |
| 3:49 | Scout Tower |
| 4:09 | Improved Masonry |
| 4:12 | Farm |
| 4:12 | Farm |
| 4:17 | Boots of Speed |
| 4:20 | Staff of Teleportation |
| 4:29 | Guard Tower |
| 4:31 | Scout Tower |
| 4:36 | Scout Tower |
| 4:37 | Scout Tower |
| 4:49 | Farm |
| 5:31 | Scout Tower |
| 5:31 | Scout Tower |
| 5:34 | Brilliance Aura |
| 5:36 | Scout Tower |
| 5:36 | Scout Tower |
| 5:46 | Scout Tower |
| 5:47 | Scout Tower |
| 5:54 | Guard Tower |
| 5:54 | Guard Tower |
| 5:54 | Guard Tower |
| 6:01 | Guard Tower |
| 6:05 | Guard Tower |
| 6:05 | Guard Tower |
| 6:08 | Scout Tower |
| 6:08 | Scout Tower |
| 6:08 | Scout Tower |
| 6:09 | Scout Tower |
| 6:09 | Scout Tower |
| 6:10 | Scout Tower |
| 6:25 | Guard Tower |
| 6:38 | Guard Tower |
| 6:47 | Guard Tower |
| 7:09 | Peasant |
| 7:10 | Peasant |
| 7:10 | Peasant |
| 7:10 | Peasant |
| 7:10 | Peasant |
| 7:35 | Town Hall |
| 8:24 | Storm Bolt |
| 8:27 | Guard Tower |
| 8:30 | Arcane Sanctum |
| 8:33 | Scout Tower |
| 8:33 | Scout Tower |
| 8:34 | Scout Tower |
| 8:34 | Scout Tower |
| 8:35 | Improved Lumber Harvesting |
| 8:36 | Peasant |
| 8:36 | Peasant |
| 8:58 | Peasant |
| 9:02 | Scout Tower |
| 9:03 | Scout Tower |
| 9:03 | Scout Tower |
| 9:04 | Scout Tower |
| 9:40 | Staff of Teleportation |
| 9:42 | Periapt of Vitality |
| 9:42 | Boots of Speed |
| 9:50 | Guard Tower |
| 9:55 | Guard Tower |
| 9:56 | Castle |
| 10:27 | Farm |
| 10:44 | Priest |
| 10:45 | Magic Sentry |
| 11:04 | Guard Tower |
| 11:06 | Scout Tower |
| 11:06 | Scout Tower |
| 11:07 | Scout Tower |
| 11:07 | Scout Tower |
| 11:12 | Scout Tower |
| 11:12 | Scout Tower |
| 11:13 | Scout Tower |
| 11:13 | Scout Tower |
| 11:16 | Scout Tower |
| 11:17 | Scout Tower |
| 11:18 | Scout Tower |
| 11:18 | Scout Tower |
| 11:19 | Scout Tower |
| 11:19 | Scout Tower |
| 11:56 | Guard Tower |
| 11:58 | Advanced Masonry |
| 12:01 | Priest |
| 12:11 | Gryphon Aviary |
| 12:12 | Blacksmith |
| 12:15 | Blacksmith |
| 12:18 | Barracks |
| 12:18 | Guard Tower |
| 12:35 | Guard Tower |
| 12:38 | Advanced Lumber Harvesting |
| 12:41 | Priest Adept Training |
| 12:41 | Guard Tower |
| 12:49 | Arcane Vault |
| 12:52 | Arcane Vault |
| 12:58 | Guard Tower |
| 13:01 | Scout Tower |
| 13:03 | Scout Tower |
| 13:09 | Arcane Tower |
| 13:24 | Guard Tower |
| 13:29 | Scout Tower |
| 13:29 | Scout Tower |
| 13:30 | Scout Tower |
| 13:30 | Scout Tower |
| 13:30 | Scout Tower |
| 13:31 | Scout Tower |
| 13:31 | Scout Tower |
| 13:32 | Scout Tower |
| 13:43 | Holy Light |
| 13:51 | Summon Water Elemental |
| 14:13 | Boots of Speed |
| 14:13 | Staff of Teleportation |
| 14:16 | Periapt of Vitality |
| 14:20 | Tome of Retraining |
| 14:20 | Retrain Hero |
| 14:21 | Blizzard |
| 14:21 | Brilliance Aura |
| 14:21 | Blizzard |
| 14:48 | Bash |
| 15:14 | Guard Tower |
| 15:21 | Arcane Tower |
| 15:23 | Imbued Masonry |
| 15:25 | Scout Tower |
| 15:26 | Scout Tower |
| 15:27 | Scout Tower |
| 15:27 | Scout Tower |
| 15:42 | Staff of Sanctuary |
| 15:43 | Orb of Fire |
| 15:45 | Orb of Fire |
| 15:45 | Staff of Sanctuary |
| 16:03 | Animal War Training |
| 16:14 | Iron Forged Swords |
| 16:14 | Studded Leather Armor |
| 16:17 | Gryphon Aviary |
| 16:29 | Arcane Tower |
| 16:30 | Arcane Tower |
| 16:36 | Guard Tower |
| 16:37 | Scout Tower |
| 16:39 | Scout Tower |
| 16:40 | Scout Tower |
| 16:40 | Scout Tower |
| 16:41 | Scout Tower |
| 16:46 | Goblin Zeppelin |
| 17:44 | Staff of Sanctuary |
| 17:44 | Staff of Sanctuary |
| 18:19 | Divine Shield |
| Right click | 1543 |
| Select | 477 |
| Select group | 250 |
| Build/train/purchase | 131 |
| Chat | 76 |
| Use ability | 45 |
| Assign group | 26 |
| Resource trade | 15 |
| Minimap ping | 10 |
| Misc. action | 9 |
| Item give/drop | 2 |
TIMG4STRok
(18:38) : 


x1)
| Staff of Sanctuary | 3 | 750 |
| Orb of Fire | 2 | 650 |
| Staff of Teleportation | 3 | 450 |
| Boots of Speed | 3 | 750 |
| Periapt of Vitality | 3 | 975 |
| Circlet of Nobility | 1 | 175 |
| Tome of Retraining | 1 | 300 |
| total: | 16 | 4050g |
| Peasant | 24 | 1800 | / | 0 |
| Priest | 1 | 135 | / | 10 |
| total: | 25 | 1935g | / | 10w |
| Scout Tower | 71 | 2130 | / | 1420 |
| Arcane Tower | 5 | 350 | / | 250 |
| Guard Tower | 23 | 1610 | / | 1150 |
| Altar of Kings | 1 | 180 | / | 50 |
| Farm | 4 | 320 | / | 80 |
| Lumber Mill | 1 | 120 | / | 0 |
| Town Hall | 1 | 385 | / | 205 |
| Arcane Vault | 3 | 390 | / | 90 |
| Arcane Sanctum | 1 | 150 | / | 140 |
| Keep | 1 | 320 | / | 210 |
| Castle | 1 | 360 | / | 210 |
| total: | 82 | 3675g | / | 1985w |
| 0:03 | Peasant |
| 0:03 | Peasant |
| 0:05 | Altar of Kings |
| 0:08 | Farm |
| 0:17 | Peasant |
| 0:25 | Peasant |
| 0:25 | Peasant |
| 0:33 | Peasant |
| 0:37 | Scout Tower |
| 0:51 | Farm |
| 0:55 | Peasant |
| 1:02 | Lumber Mill |
| 1:17 | Arcane Tower |
| 1:28 | Peasant |
| 1:28 | Peasant |
| 1:36 | Scout Tower |
| 1:43 | Peasant |
| 1:49 | Peasant |
| 1:53 | Farm |
| 2:01 | Peasant |
| 2:06 | Guard Tower |
| 2:08 | Summon Water Elemental |
| 3:02 | Peasant |
| 3:02 | Peasant |
| 3:02 | Peasant |
| 3:06 | Brilliance Aura |
| 3:25 | Town Hall |
| 3:40 | Scout Tower |
| 3:41 | Scout Tower |
| 3:42 | Scout Tower |
| 3:42 | Scout Tower |
| 3:43 | Peasant |
| 3:44 | Peasant |
| 4:09 | Peasant |
| 4:13 | Scout Tower |
| 4:13 | Scout Tower |
| 4:20 | Staff of Teleportation |
| 4:20 | Boots of Speed |
| 4:30 | Guard Tower |
| 4:32 | Guard Tower |
| 4:38 | Peasant |
| 4:47 | Guard Tower |
| 5:02 | Guard Tower |
| 5:08 | Guard Tower |
| 5:12 | Peasant |
| 5:12 | Peasant |
| 5:32 | Keep |
| 5:40 | Scout Tower |
| 5:40 | Scout Tower |
| 5:54 | Scout Tower |
| 5:55 | Scout Tower |
| 5:57 | Peasant |
| 6:26 | Guard Tower |
| 6:28 | Improved Masonry |
| 6:41 | Guard Tower |
| 6:44 | Scout Tower |
| 7:00 | Scout Tower |
| 7:01 | Scout Tower |
| 7:01 | Scout Tower |
| 7:02 | Scout Tower |
| 7:02 | Scout Tower |
| 7:10 | Summon Water Elemental |
| 7:33 | Staff of Teleportation |
| 7:33 | Boots of Speed |
| 8:17 | Castle |
| 8:27 | Arcane Sanctum |
| 8:28 | Advanced Masonry |
| 8:30 | Guard Tower |
| 8:32 | Scout Tower |
| 8:33 | Scout Tower |
| 8:33 | Scout Tower |
| 8:34 | Scout Tower |
| 8:34 | Scout Tower |
| 8:35 | Scout Tower |
| 8:38 | Scout Tower |
| 8:38 | Scout Tower |
| 8:39 | Scout Tower |
| 8:40 | Scout Tower |
| 8:47 | Arcane Tower |
| 9:04 | Arcane Vault |
| 9:06 | Arcane Vault |
| 9:10 | Arcane Vault |
| 9:14 | Storm Bolt |
| 9:19 | Guard Tower |
| 9:30 | Guard Tower |
| 9:53 | Guard Tower |
| 10:00 | Scout Tower |
| 10:03 | Peasant |
| 10:03 | Peasant |
| 10:28 | Magic Sentry |
| 10:30 | Scout Tower |
| 10:30 | Scout Tower |
| 10:32 | Scout Tower |
| 10:35 | Scout Tower |
| 10:35 | Scout Tower |
| 10:36 | Scout Tower |
| 10:36 | Scout Tower |
| 11:07 | Periapt of Vitality |
| 11:07 | Circlet of Nobility |
| 11:27 | Guard Tower |
| 11:29 | Guard Tower |
| 11:46 | Bash |
| 12:04 | Staff of Sanctuary |
| 12:07 | Staff of Sanctuary |
| 12:12 | Farm |
| 12:13 | Priest Adept Training |
| 12:16 | Scout Tower |
| 12:17 | Scout Tower |
| 12:19 | Guard Tower |
| 12:20 | Scout Tower |
| 12:21 | Scout Tower |
| 12:22 | Scout Tower |
| 12:23 | Scout Tower |
| 12:25 | Holy Light |
| 12:33 | Staff of Sanctuary |
| 12:45 | Imbued Masonry |
| 12:47 | Priest |
| 12:48 | Guard Tower |
| 12:50 | Guard Tower |
| 12:52 | Staff of Teleportation |
| 12:52 | Boots of Speed |
| 12:54 | Periapt of Vitality |
| 13:06 | Orb of Fire |
| 13:14 | Orb of Fire |
| 14:02 | Scout Tower |
| 14:02 | Scout Tower |
| 14:03 | Scout Tower |
| 14:03 | Scout Tower |
| 14:04 | Scout Tower |
| 14:05 | Scout Tower |
| 14:09 | Tome of Retraining |
| 14:09 | Retrain Hero |
| 14:11 | Blizzard |
| 14:11 | Blizzard |
| 14:13 | Brilliance Aura |
| 14:58 | Brilliance Aura |
| 15:02 | Guard Tower |
| 15:06 | Scout Tower |
| 15:06 | Scout Tower |
| 15:07 | Scout Tower |
| 15:15 | Scout Tower |
| 15:15 | Scout Tower |
| 15:16 | Scout Tower |
| 15:16 | Scout Tower |
| 15:17 | Scout Tower |
| 15:18 | Scout Tower |
| 15:19 | Scout Tower |
| 15:19 | Scout Tower |
| 15:20 | Scout Tower |
| 15:30 | Guard Tower |
| 15:44 | Priest Master Training |
| 15:44 | Sorceress Adept Training |
| 15:49 | Scout Tower |
| 15:49 | Scout Tower |
| 15:50 | Scout Tower |
| 15:51 | Scout Tower |
| 15:51 | Scout Tower |
| 15:55 | Guard Tower |
| 16:00 | Scout Tower |
| 16:00 | Scout Tower |
| 16:01 | Scout Tower |
| 16:02 | Scout Tower |
| 16:02 | Scout Tower |
| 16:36 | Divine Shield |
| 16:48 | Arcane Tower |
| 16:50 | Arcane Tower |
| 16:53 | Guard Tower |
| 17:09 | Arcane Tower |
| 17:15 | Scout Tower |
| 17:22 | Periapt of Vitality |
| 17:54 | Guard Tower |
| 17:54 | Guard Tower |
| 18:14 | Storm Bolt |
| Right click | 1326 |
| Select group | 1269 |
| Select | 233 |
| Build/train/purchase | 127 |
| Use ability | 59 |
| Misc. action | 51 |
| Minimap ping | 11 |
| Chat | 11 |
| Assign group | 9 |
| Resource trade | 9 |
| Item give/drop | 8 |
| Esc | 2 |
โ